 Dungeon Crawl Stone Soup version 0.29-a0-495-g17b79114eb (webtiles) character file.

Game seed: 16590552186432126837

483 pokeman the Magician (level 6, -1/34 HPs)
             Began as a Deep Elf Hedge Wizard on May 28, 2022.
             Succumbed to a water moccasin's poison
             ... on level 5 of the Dungeon.
             The game lasted 00:07:18 (4282 turns).

pokeman the Magician (Deep Elf Hedge Wizard)        Turns: 4282, Time: 00:07:18

Health: -1/34      AC:  3    Str:  7    XL:     6   Next: 87%
Magic:  15/18      EV: 12    Int: 27    God:
Gold:   241        SH:  0    Dex: 16    Spells: 7/19 levels left

rFire   . . .      SeeInvis .   a - +8 dagger "Poteyz" {speed, Dex+2}
rCold   . . .      Faith    .   (no shield)
rNeg    . . .      Spirit   .   g - +0 leather armour
rPois   .          Reflect  .   c - +0 hat
rElec   .          Harm     .   (no cloak)
rCorr   .          Rampage  .   (no gloves)
Will    .....                   (no boots)
Stlth   ++........              (no amulet)
HPRegen 0.11/turn               q - +6 ring of intelligence
MPRegen 0.16/turn               (no ring)

@: lethally poisoned (-1 -> -35)
A: no striking features
a: no special abilities


You were on level 5 of the Dungeon.
You visited 1 branch of the dungeon, and saw 5 of its levels.

You collected 269 gold pieces.
You spent 28 gold pieces at shops.

Inventory:

Hand Weapons
 a - the +8 dagger "Poteyz" (weapon) {speed, Dex+2}
   (You found it on level 2 of the Dungeon)

   Attacks with this weapon are significantly faster.
   Dex:       It affects your dexterity (+2).
Armour
 c - a +0 hat (worn)
 f - a scarf of harm
 g - a +0 leather armour (worn)
Jewellery
 q - a +6 ring of intelligence (left hand)
Wands
 p - a wand of flame (7)
Scrolls
 b - 15 scrolls of identify
 e - 2 scrolls of summoning {unknown}
 h - 2 scrolls of magic mapping {unknown}
 l - 2 scrolls of noise {unknown}
 m - a scroll of vulnerability {unknown}
 o - a scroll of enchant weapon {unknown}
 s - a scroll of blinking {unknown}
 u - a scroll of fog {unknown}
Potions
 d - a potion of magic
 i - 2 potions of heal wounds {unknown}
 j - 2 potions of flight {unknown}
 k - 3 potions of haste {unknown}
 n - 2 potions of mutation {unknown}
 r - a potion of brilliance {unknown}
 t - a potion of resistance {unknown}


   Skills:
 - Level 1.0 Fighting
 - Level 1.0 Armour
 + Level 3.4 Dodging
 - Level 3.0 Stealth
 * Level 7.4 Spellcasting
 + Level 3.5 Conjurations
 - Level 1.1 Summonings
 - Level 1.1 Translocations
 + Level 1.8 Fire Magic
 - Level 1.0 Air Magic
 - Level 1.0 Poison Magic
 - Level 1.1 Evocations


You had 7 spell levels left.
You knew the following spells:

 Your Spells              Type           Power      Damage    Failure   Level
a - Magic Dart            Conj           100%       1d8       1%          1
b - Mephitic Cloud        Conj/Pois/Air  20%        N/A       11%         3
c - Call Imp              Summ           16%        N/A       8%          2
d - Blink                 Tloc           32%        N/A       8%          2
e - Conjure Flame         Conj/Fire      24%        6-21      9%          3
f - Foxfire               Conj/Fire      96%        2x1d8     2%          1

Your spell library contained the following spells:

 Spells                   Type           Power      Damage    Failure   Level
 Slow                     Hex            40%        N/A       9%          1
 Inner Flame              Hex/Fire       15%        N/A       17%         3
 Flame Wave               Conj/Fire      24%        2d7       26%         4


Dungeon Overview and Level Annotations

Branches:
Dungeon (5/15)             Temple (0/1) D:5

Altars:
Dithmenos
Uskayaw
Wu Jian
Xom

Shops:
D:2 ?


Message History

The water moccasin poisons you!
You feel very sick.
You feel very sick. The water moccasin closely misses you.
Casting: Foxfire (safe; 2% risk of failure)
Confirm with . or Enter, or press ? or * to list all spells.
You conjure some foxfire!
You feel sick. The water moccasin closely misses you.
You hit the water moccasin but do no damage.
You feel sick.
The foxfire hits the water moccasin.
The water moccasin is lightly wounded.
The foxfire hits the water moccasin.
The water moccasin is lightly wounded.
The water moccasin bites you.
You are lethally poisoned!
The water moccasin poisons you!
Casting: Foxfire (safe; 2% risk of failure)
Confirm with . or Enter, or press ? or * to list all spells.
You conjure some foxfire!
You feel very sick. The water moccasin closely misses you.
You closely miss the water moccasin.
The water moccasin is lightly wounded.
You feel very sick.
The foxfire hits the water moccasin.
The water moccasin is heavily wounded.
The foxfire hits the water moccasin.
The water moccasin is severely wounded.
The water moccasin bites you.
Casting: Foxfire (safe; 2% risk of failure)
Confirm with . or Enter, or press ? or * to list all spells.
You conjure some foxfire!
* * * LOW HITPOINT WARNING * * *
You feel very sick. The water moccasin closely misses you.
The water moccasin bites you.
* * * LOW HITPOINT WARNING * * *
You are more poisoned.
The water moccasin poisons you!
You barely miss the water moccasin.
The water moccasin is severely wounded.
You die...

..## ..........# .. ...#
. ....#.#...## ...
...##.# ....###.>..##...
....#.##... ###.##....
.#.......... #......##
.##.........# ##.......#
...(........# #P.P.......
............. ##S##......
............. #.@v#P....#
................>v.......
.............P#...#P...##
..............##.##....#
.............


P.P .... ............. ... ... .....†....#.. ... ... .##.......# .....
...P.#.#..# You could see a water moccasin (ally target).

Vanquished Creatures
  Sigmund (D:3)
  A scorpion (D:5)
  A jelly (D:5)
  2 iguanas (D:4)
  10 adders
  A white imp (D:5)
  2 ufetubi
  A worm (D:4)
  2 dart slugs
  2 orcs
  13 endoplasms
  2 giant cockroaches
  3 goblins
  3 hobgoblins
  3 jackals (D:5)
  2 kobolds
  3 quokkas
  12 ball pythons
  3 bats
  2 frilled lizards
  4 rats
73 creatures vanquished.

Vanquished Creatures (others)
  194 foxfires
194 creatures vanquished.

Grand Total: 267 creatures vanquished

Notes
Turn   | Place    | Note
-------+----------+-------------------------------------------
     0 | D:1      | pokeman the Deep Elf Hedge Wizard began the quest for the
                  | Orb.
     0 | D:1      | Reached XP level 1. HP: 10/10 MP: 7/7
   637 | D:1      | Reached XP level 2. HP: 16/16 MP: 6/9
  1006 | D:2      | Found a shadowy altar of Dithmenos.
  1068 | D:2      | Found Zoimneohoc's Magic Scroll Boutique.
  1076 | D:2      | Bought a scroll of identify for 28 gold pieces
  1086 | D:2      | Reached skill level 5 in Spellcasting
  1387 | D:2      | Reached XP level 3. HP: 20/20 MP: 9/11
  1391 | D:2      | Learned a level 3 spell: Mephitic Cloud
  1394 | D:2      | Learned a level 2 spell: Call Imp
  1397 | D:2      | Learned a level 2 spell: Blink
  1401 | D:2      | Learned a level 3 spell: Conjure Flame
  1403 | D:2      | Learned a level 1 spell: Foxfire
  1486 | D:2      | Found a faded altar of an unknown god.
  1758 | D:2      | You fall into a shaft and drop 1 floor!
  1922 | D:2      | Identified the +8 dagger "Poteyz" {speed, Dex+2}
  2030 | D:3      | Reached skill level 1 in Fighting
  2090 | D:3      | Reached skill level 1 in Armour
  2135 | D:3      | Found an ornate altar of the Wu Jian Council.
  2282 | D:3      | Noticed Sigmund
  2298 | D:3      | Killed Sigmund
  2299 | D:3      | Reached skill level 6 in Spellcasting
  2299 | D:3      | Reached skill level 1 in Fire Magic
  2299 | D:3      | Reached XP level 4. HP: 25/25 MP: 5/14
  2299 | D:3      | Reached XP level 5. HP: 29/29 MP: 5/16
  2645 | D:3      | Found a hide-covered altar of Uskayaw.
  3211 | D:3      | Found a shimmering altar of Xom.
  3343 | D:4      | Reached XP level 6. HP: 34/34 MP: 14/17
  3633 | D:4      | Reached skill level 7 in Spellcasting
  3633 | D:4      | Reached skill level 1 in Air Magic
  3956 | D:5      | Entered Level 5 of the Dungeon
  4218 | D:5      | Reached skill level 1 in Poison Magic
  4218 | D:5      | Reached skill level 1 in Evocations
  4270 | D:5      | Found a staircase to the Ecumenical Temple.
  4271 | D:5      | Noticed a water moccasin
  4282 | D:5      | Succumbed to a water moccasin's poison

Illustrated notes

Levels and vault maps discovered:
D:1:      sevenhm_arrival_forest_fort_small_4, layout_loops_ring
D:2:      layout_basic, dreamdust_ecumenical_altar_hidden_monk_grotto,
          basic_altar, serial_shops, nicolae_shop_statue_plus
D:3:      minmay_chambers_of_threes, layout_loops_ring,
          mainiacjoe_overflow_catwalk, lemuel_coloured_pillars_altar,
          mainiacjoe_overflow_alcove_4, grunt_ministairs_2,
          kennysheep_generic_room_9, uniq_sigmund
D:4:      layout_cave_pools
D:5:      layout_cave_pools, old_standard_altar,
          minmay_temple_entry_gardened_gates, kennysheep_diamond,
          guppyfry_early_lair_pool, uniq_grinder

Skill      XL: |  1  2  3  4  5  6 |
---------------+-------------------+-----
Spellcasting   | 5 6 7 |  7.4
Fighting       | 1 |  1.0
Armour         | 1 |  1.0
Conjurations   | 2 3 |  3.5
Dodging        | 3 |  3.4
Fire Magic     | 1 |  1.8
Air Magic      | 1 |  1.0
Stealth        | 3 |  3.0
Poison Magic   | 1 |  1.0
Evocations     | 1 |  1.1
Summonings     | |  1.1
Translocations | |  1.1

Action                   |  1- 3 |  4- 6 || total
-------------------------+-------+-------++-------
Melee: Dagger            |     6 |     9 ||    15
 Cast: Magic Dart        |    49 |     5 ||    54
       Foxfire           |    18 |    88 ||   106
       Mephitic Cloud    |     1 |     1 ||     2
       Conjure Flame     |     1 |       ||     1
 Stab: Sleeping          |       |     1 ||     1
Armor: Leather armour    |     5 |     7 ||    12
       Robe              |     1 |       ||     1
Dodge: Dodged            |    13 |     9 ||    22

Table legend: (Time is in decaauts)
 A = Elapsed time spent in this place.
 B = Non-inter-level travel time spent in this place.
 C = Inter-level travel time spent in this place.
 D = Time resting spent in this place.
 E = Time spent auto-exploring this place.
 F = Levels seen in this place.
 G = Mean time per level.
                   A        B        C        D        E       F      G
               +--------+--------+--------+--------+--------+-----+--------+
         Total |   4289 |   4159 |    130 |      0 |   3682 |   5 |  857.8 |
       Dungeon |   4289 |   4159 |    130 |      0 |   3682 |   5 |  857.8 |
               +--------+--------+--------+--------+--------+-----+--------+

Top non-repeatable levels by time:
     D:3: 1230 daAuts
     D:1: 1018 daAuts
     D:2: 999 daAuts
     D:4: 715 daAuts
     D:5: 325 daAuts
